 Dungeon Crawl Stone Soup version 0.20.1-1-g8b1a95d (webtiles) character file.

266 Golfball the Basher (level 6, -7/51 HPs)
             Began as a Minotaur Monk on Dec 15, 2017.
             Mangled by MetaCosm's ghost (12 damage)
             ... on level 4 of the Dungeon.
             The game lasted 00:12:51 (3524 turns).

Golfball the Basher (Minotaur Monk)                 Turns: 3524, Time: 00:12:52

Health: -7/51      AC:  4    Str: 16      XL:     6   Next: 0%
Magic:  1/5        EV: 13    Int:  7 (8)  God:
Gold:   163        SH:  0    Dex: 13      Spells: 5/5 levels left

rFire    . . .     SeeInvis .   p - +2 flail (holy)
rCold    + + .     Gourm    +   (no shield)
rNeg     . . .     Faith    .   b - +0 robe
rPois    .         Spirit   .   r - +2 hat
rElec    .         Reflect  .   (no cloak)
rCorr    .         Harm     .   (no gloves)
MR       .....                  (no boots)
Stlth    ++........             g - amulet of the gourmand
Regen    0.2/turn               m - ring of protection from cold
MPRegen  0.1/turn               (no ring)

@: no status effects
A: retaliatory headbutt, horns 2, cold resistance 1, mutation resistance 1
a: no special abilities


You were on level 4 of the Dungeon.
You were completely stuffed.

You visited 1 branch of the dungeon, and saw 4 of its levels.

You collected 163 gold pieces.

Inventory:

Hand Weapons
 p - a +2 flail of holy wrath (weapon)
Armour
 b - a +0 robe (worn)
 e - a +0 buckler
 f - a +0 plate armour
 l - a +0 ring mail
 r - a +2 hat (worn)
Jewellery
 g - an amulet of the gourmand (around neck)
 m - a ring of protection from cold (left hand)
Wands
 a - a wand of flame (33/48)
 n - a wand of acid (12/15)
 o - a wand of digging (9/24)
 s - a wand of flame (29/48)
Scrolls
 k - a scroll of teleportation {unknown}
Potions
 d - a potion of heal wounds
 i - 3 potions of flight
 j - a potion of lignification
 t - a potion of haste
Comestibles
 c - 2 bread rations
 h - 3 meat rations
 q - a chunk of flesh


   Skills:
 - Level 3.6 Fighting
 + Level 8.1 Maces & Flails
 - Level 3.2 Dodging
 - Level 1.5 Stealth


You had 5 spell levels left.
You didn't know any spells.

Dungeon Overview and Level Annotations

Branches:
Dungeon (4/15)
 Temple: D:4-7

Altars:
Gozag
Ru

Annotations:
D:4 MetaCosm's ghost, novice FoAK


Innate Abilities, Weirdness & Mutations

You reflexively headbutt those who attack you in melee.
You have a pair of horns on your head.
Your flesh is cold resistant. (rC+)
You are somewhat resistant to further mutation.


Message History

MetaCosm's ghost is heavily damaged.
MetaCosm's ghost sneers, "Do you call that fighting?"
MetaCosm's ghost hits you.
You feel your power leaking away. The orc hits you with a mace.
You hit MetaCosm's ghost.
MetaCosm's ghost convulses.
MetaCosm's ghost is heavily damaged.
MetaCosm's ghost hits you!
* * * LOW HITPOINT WARNING * * *
The orc barely misses you. You furiously retaliate!
You headbutt the orc!
You kill the orc!
You have reached level 6!
Your experience leads to an increase in your attributes!
Your base attributes are Str 15, Int 8, Dex 13.
Increase (S)trength, (I)ntelligence, or (D)exterity?
You feel stronger.
You barely miss MetaCosm's ghost.
MetaCosm's ghost is heavily damaged.
MetaCosm's ghost hits you!
You die...

#.####...#
#.....####
#####.# #.#######
#.......#
#######.### #.
#...# #..####.#
#...@W..### ##
#....o....# .#
#########.##.##.#
........oo....#
.#####.###)#.....
#. ..# ### #.
.... #. #...# ..
#..#


You could see MetaCosm's ghost and an orc.

Vanquished Creatures
  Natasha (thrice) (D:3)
  A hound skeleton (D:4)
  A gnoll (D:2)
  6 adders
  2 worms
  4 dart slugs
  4 leopard geckos
  12 orcs
  A ball python (D:2)
  5 bats
  2 giant cockroaches
  8 goblins
  11 hobgoblins
  10 jackals
  A quokka (D:3)
  4 frilled lizards
  5 kobolds
  10 rats
90 creatures vanquished.

Notes
Turn   | Place    | Note
-------+----------+-------------------------------------------
     0 | D:1      | Golfball the Minotaur Monk began the quest for the Orb.
     0 | D:1      | Reached XP level 1. HP: 19/19 MP: 0/0
    14 | D:1      | Reached skill level 4 in Maces & Flails
   149 | D:1      | Reached XP level 2. HP: 26/26 MP: 1/1
   577 | D:1      | Reached skill level 5 in Maces & Flails
   833 | D:1      | Reached XP level 3. HP: 31/31 MP: 2/2
  1406 | D:2      | Found an opulent altar of Gozag.
  1757 | D:2      | Reached XP level 4. HP: 22/39 MP: 3/3
  1760 | D:2      | Reached skill level 6 in Maces & Flails
  1768 | D:2      | Gained mutation: Your flesh is cold resistant. (rC+) [potion of mutation]
  1768 | D:2      | Gained mutation: You are somewhat resistant to further mutation. [potion of mutation]
  2611 | D:3      | Noticed Natasha
  2618 | D:3      | Killed Natasha
  2618 | D:3      | Reached skill level 7 in Maces & Flails
  2618 | D:3      | Reached XP level 5. HP: 33/45 MP: 4/4
  2703 | D:3      | Found a faded altar of an unknown god.
  2945 | D:3      | Noticed Natasha
  2952 | D:3      | Killed Natasha
  3255 | D:3      | Noticed Natasha
  3260 | D:3      | Killed Natasha
  3260 | D:3      | Reached skill level 8 in Maces & Flails
  3391 | D:3      | Found a sacrificial altar of Ru.
  3511 | D:4      | Noticed MetaCosm's ghost (novice FoAK)
  3523 | D:4      | Reached XP level 6. HP: 5/51 MP: 1/5
  3524 | D:4      | Mangled by MetaCosm's ghost

Skill      XL: |  1  2  3  4  5 |
---------------+----------------+-----
Maces & Flails | 4 5 7 8 |  8.1
Fighting       | |  3.6
Dodging        | |  3.2
Stealth        | |  1.5

Action                   |  1- 3 |  4- 6 || total
-------------------------+-------+-------++-------
Melee: Mace              |    86 |    39 ||   125
       Headbutt          |    12 |    16 ||    28
       Flail             |       |    80 ||    80
  Use: Scroll            |       |    11 ||    11
       Potion            |       |     5 ||     5
 Stab: Sleeping          |     4 |     2 ||     6
  Eat: Chunk             |     2 |    17 ||    19
Armor: Robe              |    15 |    28 ||    43
Dodge: Dodged            |    65 |    89 ||   154
